AoeStats
← avianspyder

Arena

509718317Analyzed
1v1 RM · 5d ago on Sep 27, 2026· 41m 36s· 2 players
Game mode
Random Map
Map size
Tiny (2 player)
Population
200
Speed
Normal
Resources
Standard
Victory
Conquest
Starting age
Dark Age
Ending age
Imperial Age
RankedLock teamsTeams togetherTeam positionsShared explorationLock speedFull tech treeHidden civsTurbo modeCheats
Victory
Defeat
🇺🇸 Huns · United States
754
+15
🇺🇸 Britons · United States
738
-18
MythicWizard478
7:12 Loom
10:32 Feudal Age
12:01 Double-Bit Axe
12:26 Horse Collar
18:23 Castle Age
17:49 Fletching
18:00 Padded Archer Armor
20:04 Wheelbarrow
19:43 Squires
19:39 Gold Mining
21:35 Town Watch
22:31 Wheelbarrow
23:17 Bow Saw
24:48 Heavy Plow
26:22 Pikeman
28:53 Bodkin Arrow
30:23 Ballistics
32:20 Gold Shaft Mining
35:30 Imperial Age
33:37 Stone Mining
34:33 Leather Archer Armor
35:18 Scale Mail Armor
35:28 Forging
34:46 Elite Skirmisher
36:27 Crossbowman
38:49 Chain Mail Armor
39:10 Iron Casting
39:06 Ring Archer Armor
38:36 Bracer
38:39 Arbalester
avianspyder
15:15 Feudal Age
16:28 Double-Bit Axe
16:26 Horse Collar
16:39 Stone Mining
16:43 Gold Mining
17:47 Wheelbarrow
20:30 Castle Age
19:13 Scale Barding Armor
20:10 Forging
20:26 Bloodlines
21:52 Gold Shaft Mining
21:19 Heavy Plow
22:51 Bow Saw
23:24 Husbandry
26:12 Hand Cart
26:56 Chain Barding Armor
28:07 Iron Casting
33:07 Imperial Age
30:29 Town Watch
35:38 Two-Man Saw
35:16 Plate Barding Armor
35:42 Blast Furnace
34:25 Cavalier
36:26 Elite Tarkan
37:56 Paladin
Connection lost

Rejoining the realm…

Still unreachable

The connection could not be restored.

Session expired

The server has moved on; the page needs a fresh start.